AoeStats
← Matute

Pilgrims

509247972Analyzed
4v4 RM · 5d ago on Sep 26, 2026· 44m 20s· 8 players
Game mode
Random Map
Map size
Large (8 player)
Population
200
Speed
Normal
Resources
Standard
Victory
Conquest
Starting age
Dark Age
Ending age
Imperial Age
RankedLock teamsTeams togetherTeam positionsShared explorationLock speedFull tech treeHidden civsTurbo modeCheats
Victory
Defeat
🇦🇷 Franks · Argentina
1156
+13
🇦🇷 Saracens · Argentina
1111
+15
🇦🇷 Varangians · Argentina
1071
+17
🇦🇷 Koreans · Argentina
1057
+17
🇦🇺 Khmer · Australia
1145
-17
🇧🇩 Wu · Bangladesh
1124
-17
🇺🇸 Persians · United States
1082
-15
🇭🇰 Saxons · Hong Kong SAR China
1022
-13
KesarKeri
5:38 Loom
12:16 Feudal Age
13:03 Double-Bit Axe
14:59 Wheelbarrow
15:19 Fishing Lines
17:13 Bloodlines
17:37 Gold Mining
20:32 Castle Age
19:24 Forging
19:20 Scale Barding Armor
19:45 Horse Collar
21:44 Gillnets
22:13 Bow Saw
23:22 Husbandry
25:16 Iron Casting
26:17 Chain Barding Armor
29:15 Hand Cart
29:50 Fletching
30:57 Bodkin Arrow
37:22 Imperial Age
35:22 Heavy Plow
38:55 Crop Rotation
39:32 Two-Man Saw
38:06 Cavalier
39:57 Gold Shaft Mining
39:13 Stone Mining
41:00 Blast Furnace
41:02 Plate Barding Armor
41:14 Kamandaran
41:39 Padded Archer Armor
42:37 Thumb Ring
41:53 Crossbowman
44:40 Leather Archer Armor
45:10 Stone Shaft Mining
Keanoob Reeves
6:10 Loom
11:32 Feudal Age
12:59 Gold Mining
16:42 Castle Age
15:52 Double-Bit Axe
16:46 Horse Collar
20:47 Bow Saw
22:15 Heavy Plow
24:02 Stone Mining
24:44 Scale Barding Armor
25:57 Forging
30:14 Chain Barding Armor
33:41 Imperial Age
31:58 Scale Mail Armor
32:33 Iron Casting
33:02 Chain Mail Armor
32:59 Pikeman
33:25 Arson
35:51 Elite Battle Elephant
38:33 Blast Furnace
37:58 Halberdier
41:39 Plate Barding Armor
40:41 Man-at-Arms
41:44 Capped Ram
43:09 Siege Ram
ArTung
4:05 Loom
10:59 Feudal Age
12:36 Double-Bit Axe
12:34 Fishing Lines
13:13 Town Watch
13:54 Gold Mining
18:51 Castle Age
17:13 Stone Mining
19:51 Gillnets
20:24 Fletching
20:47 Bow Saw
23:41 Wheelbarrow
29:23 Forging
32:28 Horse Collar
39:15 Imperial Age
36:47 Crossbowman
37:32 Thumb Ring
43:03 Two-Man Saw
42:05 Heavy Plow
42:48 Gold Shaft Mining
AcE | AvadaKedavra
9:00 Loom
11:13 Feudal Age
15:14 Castle Age
13:26 Horse Collar
13:34 Double-Bit Axe
15:10 Fletching
17:28 Medium Warships
18:03 Bow Saw
20:03 Scale Mail Armor
20:14 Forging
24:09 Pikeman
24:49 Squires
29:53 Wheelbarrow
39:49 Imperial Age
37:56 Wheelbarrow
37:58 Heavy Plow
38:42 Gold Mining
38:46 Arson
39:40 Chain Mail Armor
42:52 Forging
Tuxilion
3:23 Loom
11:52 Feudal Age
14:00 Fishing Lines
14:38 Double-Bit Axe
21:32 Castle Age
21:03 Fletching
21:14 Padded Archer Armor
23:12 Husbandry
24:27 Scale Barding Armor
26:39 Medium Warships
36:32 Bodkin Arrow
36:53 Leather Archer Armor
36:49 Forging
38:04 Gillnets
38:58 Ballistics
43:19 Imperial Age
41:47 Iron Casting
41:20 Horse Collar
PEPO
10:44 Loom
12:31 Feudal Age
14:01 Double-Bit Axe
14:30 Fishing Lines
17:15 Fletching
22:58 Castle Age
21:46 Horse Collar
23:44 Bodkin Arrow
24:13 Bow Saw
24:26 Medium Warships
24:12 Gillnets
26:39 Wheelbarrow
27:34 Stone Mining
29:52 Hand Cart
29:41 Scale Mail Armor
29:52 Forging
32:08 Squires
31:54 Gambesons
31:55 Arson
31:31 Pikeman
34:45 Imperial Age
34:18 Redemption
34:21 Fervor
34:36 Sanctity
35:32 Chain Mail Armor
35:52 Iron Casting
36:55 Conscription
37:52 Heavy Warships
38:36 Chemistry
37:52 Clinker Construction
39:25 Plate Mail Armor
39:56 Blast Furnace
41:01 Counterweights
42:51 Heavy Plow
bicente
7:06 Loom
12:31 Feudal Age
13:12 Double-Bit Axe
14:16 Gold Mining
15:17 Wheelbarrow
20:14 Castle Age
19:32 Fletching
20:44 Stone Mining
21:21 Medium Warships
22:00 Bodkin Arrow
23:52 Bow Saw
32:42 Horse Collar
34:00 Sanctity
36:00 Hand Cart
35:33 Town Watch
36:12 Murder Holes
39:49 Imperial Age
37:30 Treadmill Crane
37:30 Crossbowman
38:51 Town Patrol
39:35 Ballistics
40:00 Thumb Ring
40:37 Forging
40:39 Eupseong
40:30 Arrowslits
40:46 Arbalester
42:36 Chemistry
42:03 Siege Engineers
43:00 Conscription
43:46 Masonry
Matute
5:09 Loom
10:12 Feudal Age
10:45 Town Watch
14:57 Castle Age
15:27 Double-Bit Axe
19:15 Scale Barding Armor
21:57 Chain Barding Armor
24:19 Scale Mail Armor
24:29 Forging
28:00 Iron Casting
28:52 Husbandry
30:41 Wheelbarrow
32:32 Hand Cart
33:19 Fletching
34:29 Bodkin Arrow
38:11 Imperial Age
37:27 Bow Saw
38:40 Cavalier
38:55 Cavalier
40:12 Plate Barding Armor
40:07 Conscription
42:34 Blast Furnace
43:35 Gold Mining
Connection lost

Rejoining the realm…

Still unreachable

The connection could not be restored.

Session expired

The server has moved on; the page needs a fresh start.